 Dungeon Crawl Stone Soup version 0.20.1-1-g8b1a95d (webtiles) character file.

24352 letownia2 the Reanimator (level 12, -2/106 HPs)
             Began as a Deep Dwarf Necromancer on Nov 14, 2017.
             Was an Initiate of Gozag.
             Slain by an orc warlord
             ... wielding a +0 battleaxe
              (19 damage)
             ... on level 1 of the Orcish Mines.
             The game lasted 00:59:03 (18700 turns).

letownia2 the Reanimator (Deep Dwarf Necromancer)  Turns: 18700, Time: 00:59:04

Health: -2/106     AC: 11    Str: 19    XL:     12   Next: 79%
Magic:  8/25       EV:  9    Int: 19    God:    Gozag
Gold:   1410       SH:  0    Dex: 13    Spells: 25/29 levels left

rFire    + . .     SeeInvis .   a - +2 hand axe (elec)
rCold    . . .     Gourm    .   (no shield)
rNeg     . . .     Faith    .   D - +0 chain mail {rF+}
rPois    .         Spirit   .   (no helmet)
rElec    .         Reflect  .   (no cloak)
rCorr    .         Harm     .   j - +0 pair of gloves
MR       +....                  E - +0 pair of boots
Stlth    ..........             k - amulet of rage
Regen    0.0/turn               U - +5 ring of strength
MPRegen  0.2/turn               Q - ring of wizardry

@: non-regenerating
A: damage resistance, heal wounds, sense surroundings 2, no regeneration
a: Heal Wounds, Potion Petition, Call Merchant, Bribe Branch, Renounce Religion,
Evoke Berserk Rage


You were on level 1 of the Orcish Mines.
You worshipped Gozag.
Gozag was most pleased with you.
You were full.

You visited 4 branches of the dungeon, and saw 15 of its levels.
You also visited: Bailey.

You collected 3392 gold pieces.
You paid 1982 gold pieces to Gozag.

Inventory:

Hand Weapons
 a - a +2 hand axe of electrocution (weapon)
 b - a +4 war axe of freezing
 c - a +0 blowgun
 B - a +0 battleaxe
 C - a +2 mace of holy wrath
 L - a +2 trident of flaming
 M - a +0 flail of venom
Missiles
 s - 19 poisoned needles
 y - 18 tomahawks of returning (quivered)
 N - 6 javelins of penetration
Armour
 e - a +2 leather armour of cold resistance
 j - a +0 pair of gloves (worn)
 l - a +4 chain mail of fire resistance
 m - a +1 scale mail of magic resistance
 w - the +7 ring mail of the Arcane {rF- rN+++ rCorr Stlth-}
   (You found it on level 5 of the Dungeon)

   It makes you vulnerable to fire.
   It renders you almost immune to negative energy.
   It protects you from acid and corrosion.
   It makes you less stealthy.
 D - a +0 chain mail of fire resistance (worn)
 E - a +0 pair of boots (worn)
 J - a +1 chain mail of poison resistance
Magical Staves
 A - an uncursed staff of fire
Jewellery
 k - an amulet of rage (around neck)
 Q - a ring of wizardry (right hand)
 U - a +5 ring of strength (left hand)
Wands
 f - a wand of disintegration (9/24)
 o - a wand of flame (33/48)
 T - a wand of flame (18/48)
Scrolls
 d - a scroll of teleportation
 g - a scroll of enchant weapon
 i - 5 scrolls of identify
 q - a scroll of brand weapon {unknown}
 v - a scroll of fear
 z - 2 scrolls of recharging
 F - 2 scrolls of fog {unknown}
 H - a scroll of blinking
 I - 2 scrolls of noise {unknown}
 O - a scroll of amnesia
 R - a scroll of remove curse
Potions
 h - 2 potions of brilliance
 r - 3 potions of curing
 x - 2 potions of magic
 G - 3 potions of lignification
 K - a potion of haste
 P - 2 potions of cancellation
Books
 p - a book of Necromancy

   Spells                             Type                      Level
   a - Pain                           Necromancy                   1
   b - Animate Skeleton               Necromancy                   1
   c - Vampiric Draining              Necromancy                   3
   d - Regeneration                   Charms/Necromancy            3
   e - Animate Dead                   Necromancy                   4
   f - Control Undead                 Necromancy                   4
 S - a book of Death

   Spells                             Type                      Level
   a - Corpse Rot                     Necromancy                   2
   b - Sublimation of Blood           Necromancy                   2
   c - Agony                          Necromancy                   5
   d - Dispel Undead                  Necromancy                   5
   e - Excruciating Wounds            Charms/Necromancy            5
   f - Bolt of Draining               Conjuration/Necromancy       5
Miscellaneous
 V - a box of beasts
Comestibles
 n - 9 royal jellies
 t - 11 bread rations
 u - 2 meat rations


   Skills:
 - Level 6.6 Fighting
 - Level 12.2 Axes
 + Level 3.9 Armour
 - Level 4.7 Dodging
 - Level 2.4 Stealth
 - Level 9.0 Spellcasting
 - Level 13.0 Necromancy
 - Level 6.3 Evocations


You had 25 spell levels left.
You knew the following spells:

 Your Spells              Type           Power        Failure   Level  Hunger
a - Pain                  Necr           ####         1%          1    None
v - Vampiric Draining     Necr           ######....   1%          3    None


Dungeon Overview and Level Annotations

Branches:
Dungeon (12/15)            Temple (1/1) D:7            Lair (1/6) D:8
    Orc (1/2) D:12

Altars:
Ashenzari
Cheibriados
Dithmenos
Elyvilon
Gozag
Kikubaaqudgha
Makhleb
Nemelex Xobeh
Okawaru
Qazlal
Ru
Sif Muna
Uskayaw
Vehumet
Xom
Zin
The Shining One
Beogh

Shops:
D:2 *   D:5 }(=   D:6 [   D:7 =   D:9 [   D:11 =

Annotations:
D:2 DIG
D:8 Gastronok
D:10 Snorg


Innate Abilities, Weirdness & Mutations

You are resistant to damage.
You can heal yourself by infusing magical energy.
You passively map the area around you.
You do not regenerate.


Message History

Aiming: Vampiric Draining
Press: ? - help, Shift-Dir - straight line, f/p - orc warlord
Aim: an orc warlord, wielding a battleaxe and wearing a shiny chain mail (moderately wounded)
The orc warlord is moderately wounded.
You feel life coursing into your body.
The orc warlord hits you with a battleaxe!!
* * * LOW HITPOINT WARNING * * *
Unknown command.
Unknown command.
Unknown command.
Casting: Vampiric Draining
Confirm with . or Enter, or press ? or * to list all spells.
Aiming: Vampiric Draining
Press: ? - help, Shift-Dir - straight line, f/p - orc warlord
Aim: an orc warlord, wielding a battleaxe and wearing a shiny chain mail (moderately wounded)
The orc warlord is heavily wounded.
You feel life coursing into your body.
The orc warlord hits you with a battleaxe!!
You die...
Your body crumbles into a pile of gold.

*,,,,,,*****,,****,,,,>,***
***,,,,,***,,,,,*,,,,,*,**
*,**,,,,,,*,,,,,,,,,,,***
,,,**,*,,,,,,,,,,,,,,,*
,,,*****,,,,*,,,,,,,***
,,,,*,***,,*#.,,,,,,,*
,,,,,,,***,*,..,,,,,,*
***....,*****#.#####,*
*#....$,* #.#@oo#,*
##....#,** #$▓▓▓o#,*
.#....##* #.▓)▓o#.#
.o.....# #.▓▓▓O#.# ......#*
#.#.ho#.# o.o.####
#.#.▓▓▓.# #......#
#$#.▓)▓.# $#*,,,***
#.#.▓▓▓.# ##*,,,,,*
#.#...#.# *** *


You could see an orc warlord, a warg, 2 orc warriors, an ogre and 2 orcs.

Vanquished Creatures
  3 two-headed ogres
  A tengu warrior (D:12)
  A queen ant (D:9)
  2 unseen horrors
  Pikel (D:4)
  3 ugly things
  4 manticores
  A cyclops (D:9)
  Joseph (D:9)
  2 spiny frogs
  2 komodo dragons (D:8)
  A kobold demonologist (D:12)
  A tengu conjurer (D:12)
  A queen bee (D:11)
  3 meliai (D:12)
  3 trolls
  2 slime creatures (D:6)
  A hippogriff (D:8)
  4 wraiths
  A spriggan (D:8)
  2 basilisks (D:8)
  3 hungry ghosts
  Grum (D:10)
  Edmund (D:6)
  Duvessa (D:4)
  20 soldier ants
  An acid dragon (D:8)
  A water moccasin (D:7)
  4 sky beasts
  A necrophage (D:11)
  12 orc warriors
  4 slaves
  3 phantoms
  An eye of draining (D:12)
  2 wolves (D:10)
  3 centaurs
  6 ogres
  5 big kobolds
  5 bullfrogs
  A wyvern zombie (D:9)
  2 wyvern skeletons
  Dowan (D:4)
  3 scorpions
  A troll zombie (D:12)
  21 killer bees
  8 wights
  10 crimson imps
  5 howler monkeys
  3 quasits
  A bullfrog zombie (D:12)
  10 hounds
  10 jellies
  5 human zombies (D:11)
  9 orc priests
  8 orc wizards
  3 centaur skeletons
  Jessica (D:3)
  2 bullfrog skeletons
  2 iguanas
  Terence (D:3)
  30 worker ants
  6 ogre zombies
  A hound zombie (D:11)
  2 hound skeletons
  A mummy (D:11)
  A worker ant zombie (D:6)
  20 adders
  7 shadow imps
  5 oozes
  An adder skeleton (D:4)
  An adder zombie (D:8)
  5 worms
  10 leopard geckos
  51 orcs
  2 ball pythons
  7 bats
  7 giant cockroaches
  8 goblins
  5 hobgoblins
  13 jackals
  6 quokkas
  6 frilled lizards
  A goblin skeleton (D:12)
  5 goblin zombies
  A hobgoblin skeleton (D:12)
  A hobgoblin zombie (D:7)
  A jackal skeleton (D:6)
  28 kobolds
  A kobold skeleton (D:7)
  A kobold zombie (D:7)
  A leopard gecko zombie (D:6)
  3 orc skeletons
  13 orc zombies
  A quokka zombie (D:7)
  6 rats
479 creatures vanquished.

Vanquished Creatures (collateral kills)
  An orc (Orc:1)
1 creature vanquished.

Vanquished Creatures (others)
  9 fungi (D:6)
  6 toadstools (D:6)
15 creatures vanquished.

Grand Total: 495 creatures vanquished

Notes
Turn   | Place    | Note
-------+----------+-------------------------------------------
     0 | D:1      | letownia2 the Deep Dwarf Necromancer began the quest for the Orb.
     0 | D:1      | Reached XP level 1. HP: 15/15 MP: 3/3
   151 | D:3      | Noticed Jessica
   199 | D:2      | Found Zin's Purification Station.
   204 | D:2      | Found a glowing silver altar of Zin.
   397 | D:3      | Reached XP level 2. HP: 19/22 MP: 3/5
   624 | D:3      | Reached skill level 5 in Necromancy
   649 | D:3      | Reached XP level 3. HP: 21/28 MP: 0/6
   654 | D:3      | Learned a level 3 spell: Vampiric Draining
   721 | D:3      | Killed Jessica
   797 | D:3      | Reached XP level 4. HP: 26/36 MP: 2/8
  1033 | D:4      | Noticed Duvessa
  1036 | D:4      | Noticed Dowan
  1159 | D:3      | Found a shattered altar of Ashenzari.
  1309 | D:4      | Reached skill level 1 in Armour
  1422 | D:4      | Reached XP level 5. HP: 27/42 MP: 0/9
  1668 | D:3      | Reached skill level 6 in Necromancy
  2067 | D:4      | Reached XP level 6. HP: 6/49 MP: 3/10
  2417 | D:4      | Reached skill level 7 in Necromancy
  2763 | D:4      | Found a stormy altar of Qazlal.
  2774 | D:4      | Noticed Pikel
  2774 | D:4      | Noticed a slave
  2774 | D:4      | Noticed a slave
  2775 | D:4      | Noticed a slave
  3243 | D:4      | Noticed a slave
  3319 | D:5      | Entered Level 5 of the Dungeon
  3319 | D:5      | Found Nooloyzu's Antique Weapon Shoppe.
  3353 | D:5      | Found Fuefet's Quality Used Wands.
  3377 | D:5      | Reached XP level 7. HP: 36/55 MP: 11/11
  3446 | D:5      | Reached skill level 1 in Fighting
  3701 | D:5      | Found Gidixaypn's Jewellery Boutique.
  3717 | D:5      | Reached skill level 8 in Necromancy
  4003 | D:5      | Found a hide-covered altar of Uskayaw.
  4005 | D:5      | Found a shimmering altar of Xom.
  4005 | D:5      | Found a shadowy altar of Dithmenos.
  4007 | D:5      | Found a stormy altar of Qazlal.
  4007 | D:5      | Found a hide-covered altar of Uskayaw.
  4007 | D:5      | Found a blossoming altar of Fedhas.
  4128 | D:5      | Got a heavily runed ring mail
  4139 | D:5      | Identified the +7 ring mail of the Arcane {rF- rN+++ rCorr Stlth-} (You found it on level 5 of the Dungeon)
  4550 | D:6      | Reached skill level 9 in Necromancy
  4563 | D:6      | Noticed Edmund
  4596 | D:6      | Killed Edmund
  4596 | D:6      | Reached XP level 8. HP: 65/68 MP: 6/13
  4716 | D:6      | Reached skill level 1 in Axes
  4963 | D:6      | Found a snail-covered altar of Cheibriados.
  4979 | D:6      | Found a glowing golden altar of the Shining One.
  5117 | D:6      | Found a sparkling altar of Nemelex Xobeh.
  5834 | D:7      | Found Ycugeos's Jewellery Boutique.
  5837 | D:7      | Found a staircase to the Ecumenical Temple.
  5854 | Temple   | Entered the Ecumenical Temple
  6013 | Temple   | Became a worshipper of Gozag Ym Sagoz the Greedy
  6252 | D:3      | Noticed Terence
  6257 | D:3      | Killed Terence
  7793 | D:4      | Killed Dowan
  7793 | D:4      | Reached skill level 5 in Spellcasting
  7793 | D:4      | Gained mutation: You passively map the area around you. [Deep Dwarf growth]
  7793 | D:4      | Reached XP level 9. HP: 60/78 MP: 6/16
  7794 | D:4      | Killed Duvessa
  8718 | D:7      | Reached skill level 1 in Evocations
  8873 | D:7      | Found a glowing golden altar of the Shining One.
 10327 | D:8      | Killed an unseen horror
 10327 | D:8      | Reached XP level 10. HP: 61/85 MP: 10/22
 10492 | D:8      | Noticed Gastronok
 10593 | D:8      | Reached skill level 5 in Axes
 10840 | D:8      | Found a staircase to the Lair.
 11416 | D:4      | Killed Pikel
 12143 | D:9      | Reached skill level 10 in Necromancy
 12147 | D:9      | Noticed a cyclops
 12187 | D:9      | Killed a cyclops
 12275 | D:9      | Noticed Joseph
 12291 | D:9      | Killed Joseph
 12330 | D:9      | Reached XP level 11. HP: 85/91 MP: 13/24
 12536 | D:9      | Noticed a two-headed ogre
 12548 | D:9      | Killed a two-headed ogre
 12602 | D:9      | Reached skill level 11 in Necromancy
 12911 | D:9      | Reached skill level 10 in Axes
 13048 | D:9      | Noticed a queen ant
 13073 | D:9      | Killed a queen ant
 13311 | D:10     | Entered Level 10 of the Dungeon
 13311 | D:10     | Noticed Snorg
 13609 | D:10     | Noticed Grum
 13624 | D:10     | Reached skill level 5 in Evocations
 13625 | D:10     | Killed Grum
 14161 | D:11     | Noticed a white ugly thing
 14175 | D:11     | Killed a white ugly thing
 14261 | D:11     | Noticed a cyan ugly thing
 14515 | Lair:1   | Entered Level 1 of the Lair of Beasts
 15703 | D:10     | HP: 4/92 [manticore/volley of spikes (8)]
 16024 | D:12     | Noticed a two-headed ogre
 16103 | D:12     | Noticed a tengu warrior
 16140 | D:12     | Killed a tengu warrior
 16140 | D:12     | Reached XP level 12. HP: 44/100 MP: 4/25
 16328 | D:11     | Reached skill level 12 in Necromancy
 16423 | D:11     | Noticed a two-headed ogre
 16442 | D:11     | Killed a two-headed ogre
 16442 | D:11     | Reached skill level 5 in Fighting
 16660 | D:11     | Found an ancient bone altar of Kikubaaqudgha.
 17115 | D:12     | Killed a two-headed ogre
 17517 | D:12     | Found a staircase to the Orcish Mines.
 18042 | Orc:1    | Entered Level 1 of the Orcish Mines
 18049 | Orc:1    | Noticed an orc warlord
 18059 | Orc:1    | Reached skill level 13 in Necromancy
 18130 | Orc:1    | Found a roughly hewn altar of Beogh.
 18135 | Orc:1    | Noticed an orc warlord
 18163 | Orc:1    | Found a flagged portal.
 18175 | Bailey   | Entered a bailey
 18589 | Bailey   | Found a burning altar of Makhleb.
 18700 | Orc:1    | Slain by an orc warlord

Skill      XL: |  1  2  3  4  5  6  7  8  9 10 11 12 |
---------------+-------------------------------------+-----
Spellcasting   | 2 3 5 8 9 |  9.0
Necromancy     | 5 6 7 9 10 11 13 | 13.0
Armour         | 2 3 |  3.9
Fighting       | 2 3 4 6 |  6.6
Axes           | 3 9 10 12 | 12.2
Evocations     | 3 6 |  6.3
Dodging        | 4 |  4.7
Stealth        | |  2.4

Action                   |  1- 3 |  4- 6 |  7- 9 | 10-12 || total
-------------------------+-------+-------+-------+-------++-------
Melee: Quarterstaff      |     1 |    15 |       |       ||    16
       Dagger            |       |   107 |    41 |       ||   148
       Trident           |       |    17 |    27 |       ||    44
       Flail             |       |       |    73 |       ||    73
       Mace              |       |       |    50 |       ||    50
       War axe           |       |       |   175 |    31 ||   206
       Hand axe          |       |       |       |   731 ||   731
Throw: Javelin           |       |       |     1 |    18 ||    19
       Tomahawk          |       |       |       |    17 ||    17
 Cast: Pain              |    43 |    26 |    74 |       ||   143
       Vampiric Draining |       |    43 |    94 |   261 ||   398
Invok: Call Merchant     |       |       |     1 |     2 ||     3
 Abil: Evoke Berserk Rag |       |       |     1 |     1 ||     2
Evoke: Wand              |       |       |       |    11 ||    11
       Box of beasts     |       |       |       |     1 ||     1
  Use: Scroll            |       |       |    13 |    14 ||    27
 Stab: Sleeping          |       |       |     2 |     2 ||     4
       Distracted        |       |       |       |     3 ||     3
  Eat: Chunk             |       |    13 |    20 |     1 ||    34
       Meat ration       |       |       |     2 |     4 ||     6
       Royal jelly       |       |       |     1 |     7 ||     8
       Fruit             |       |       |       |     4 ||     4
Armor: Leather armour    |     3 |       |     4 |       ||     7
       Ring mail         |       |    64 |   255 |   447 ||   766
       Chain mail        |       |       |       |     5 ||     5
Dodge: Dodged            |    10 |    97 |   267 |   542 ||   916
Block: Shield            |       |       |    11 |       ||    11
